 Dungeon Crawl Stone Soup version 0.25.1-2-g60ff931df9 (webtiles) character file.

Game seed: 5515895804066363561

1715 Impeuri the Charlatan (level 8, -2/61 HPs)
             Began as a Demonspawn Artificer on Aug 24, 2020.
             Was a Believer of Kikubaaqudgha.
             Slain by an orc warrior
             ... wielding a +1 war axe of venom
              (20 damage)
             ... on level 6 of the Dungeon.
             The game lasted 00:10:35 (6365 turns).

Impeuri the Charlatan (Demonspawn Artificer)        Turns: 6365, Time: 00:10:35

Health: -2/61      AC: 11    Str: 14      XL:     8   Next: 74%
Magic:  13/13      EV: 12    Int: 13      God:    Kikubaaqudgha [**....]
Gold:   325        SH:  0    Dex: 12 (14) Spells: 9/13 levels left

rFire    . . .     SeeInvis +   x - +0 falchion
rCold    . . .     Gourm    .   (no shield)
rNeg     . . .     Faith    .   B - +0 leather armour {rPois}
rPois    +         Spirit   .   (helmet restricted)
rElec    .         Reflect  .   h - +1 cloak
rCorr    .         Harm     .   K - +1 pair of gloves
MR       .....                  A - +0 pair of boots
Stlth    +.........             y - amulet of magic regeneration
HPRegen  0.20/turn              g - ring of see invisible
MPRegen  0.38/turn              (no ring)

@: lethally poisoned (-2 -> -2)
A: horns 2, slimy green scales 1, demonic guardian 2, spiny 1
a: Receive Corpses, Renounce Religion


You were on level 6 of the Dungeon.
You worshipped Kikubaaqudgha.
Kikubaaqudgha was pleased with you.
You were not hungry.

You visited 1 branch of the dungeon, and saw 6 of its levels.

You collected 325 gold pieces.

Inventory:

Hand Weapons
 b - the +5 hunting sling of Uncomfortable Rashes {freeze, MR++}
   (You found it on level 4 of the Dungeon)

   It causes projectiles fired from it to freeze those they strike, causing
   extra injury to most foes and up to half again as much damage against
   particularly susceptible opponents.
   They can also slow down cold-blooded creatures.
   It affects your resistance to hostile enchantments.
 x - a +0 falchion (weapon)
Armour
 h - a +1 cloak (worn)
 A - a +0 pair of boots (worn)
 B - a +0 leather armour of poison resistance (worn)
 K - a +1 pair of gloves (worn)
Jewellery
 g - a ring of see invisible (left hand)
 i - an uncursed ring of fire
 y - an amulet of magic regeneration (around neck)
Wands
 c - a wand of flame (13)
 d - a wand of enslavement (13)
 e - a wand of random effects (15)
 G - a wand of polymorph (8)
Scrolls
 p - 4 scrolls of teleportation
 s - 2 scrolls of identify
 u - a scroll of fog {unknown}
 w - a scroll of remove curse
 D - 2 scrolls of amnesia {unknown}
 E - a scroll of noise {unknown}
 H - 3 scrolls of immolation {unknown}
 I - a scroll of holy word {unknown}
Potions
 j - 2 potions of heal wounds
 l - a potion of flight
 m - a potion of might
 n - 6 potions of curing
 o - 2 potions of brilliance {unknown}
 q - a potion of lignification
 r - a potion of degeneration
 t - a potion of resistance {unknown}
 v - a potion of stabbing {unknown}
 z - a potion of cancellation {unknown}
 C - a potion of ambrosia {unknown}
 F - 2 potions of berserk rage {unknown}
Comestibles
 a - 7 chunks of flesh
 f - 7 rations


   Skills:
 + Level 4.8 Fighting
   Level 3.2(3.7) Short Blades
 + Level 2.6(3.4) Long Blades
 + Level 4.1 Armour
 - Level 1.7 Dodging
 - Level 0.8 Stealth
 + Level 3.4 Spellcasting
 + Level 4.1 Necromancy
 + Level 5.6 Evocations


You had 9 spell levels left.
You knew the following spells:

 Your Spells              Type           Power        Failure   Level  Hunger
a - Animate Skeleton      Necr           N/A          4%          1    #......
b - Vampiric Draining     Necr           ##........   16%         3    ###....

Your spell library contained the following spells:

 Spells                   Type           Power        Failure   Level  Hunger
 Pain                     Necr           ##..         4%          1    #......
 Sublimation of Blood     Necr           ##........   8%          2    ##.....


Dungeon Overview and Level Annotations

Branches:
Dungeon (6/15)
 Temple: D:4-7

Altars:
Kikubaaqudgha
Nemelex Xobeh

Shops:
D:5 =


Innate Abilities, Weirdness & Mutations

You have a pair of horns on your head.
You are partially covered in slimy green scales. (AC +2)
A demonic guardian rushes to your aid.
You are partially covered in sharp spines.


Message History

The orc hits your orc warrior but does no damage.
The orc hits your orc warrior with a +0 mace.
Some of the chunks of flesh in your inventory have rotted away.
You feel sick. The orc barely misses your orc warrior.
The orc hits your orc warrior but does no damage.
The orc closely misses your orc warrior.
You feel sick.
The orc hits your orc warrior with a +0 mace.
The orc closely misses your orc warrior.
The orc barely misses your orc warrior.
You feel sick.
The orc hits your orc warrior but does no damage.
Your orc warrior hits the orc with a +1 war axe of venom.
The orc warrior is no longer charmed.
The orc warrior hits you with a +1 war axe of venom!
* * * LOW HITPOINT WARNING * * *
The orc warrior hits you with a +1 war axe of venom!!
You die...
Kikubaaqudgha rasps: "You have failed me!
Welcome... death!"

#.#.# #...... #...#
##...### ###.#
#..#)#.. . #รท###
#...>#.. ..# #...#
#..#.#.# ..
#.#.###..#.#.# #.####
#.#.##...#.#..
#.oo.###.#....#..##..
#@..#.##..###.##..
###...##..# #.##.#
##..###.# #.##..
##..##.###.##..
#..........)).
##..#.....)#..
.....#...#.#
.....#...#.#
.....#...#.#


You could see an orc warrior and an orc.

Vanquished Creatures
  Eustachio (D:4)
  Duvessa (D:6)
  A black bear (D:6)
  An orc warrior (D:6)
  A phantom (D:6)
  A centaur (D:6)
  A bullfrog (D:6)
  Dowan (D:6)
  3 scorpions
  A wight (D:6)
  2 howler monkeys
  3 crimson imps
  3 orc priests
  2 hounds (D:5)
  An orc wizard (D:5)
  3 worker ants
  A hound zombie (D:5)
  6 adders
  A shadow imp (D:5)
  A worm (D:4)
  A dart slug (D:1)
  4 leopard geckos
  15 orcs
  A ball python (D:4)
  3 bats (D:2)
  5 giant cockroaches
  2 goblins
  6 hobgoblins
  14 jackals
  6 kobolds
  3 quokkas
  8 frilled lizards
  A jackal skeleton (D:6)
  A jackal zombie (D:5)
  5 rats (D:1)
110 creatures vanquished.

Vanquished Creatures (collateral kills)
  A sky beast (D:6)
  A centaur (D:5)
  2 gnoll sergeants (D:6)
  A hound (D:6)
  An orc priest (D:5)
  An orc wizard (D:6)
  A worker ant (D:6)
  2 worker ant zombies (D:6)
  A leopard gecko (D:6)
  4 orcs
  A giant cockroach (D:6)
16 creatures vanquished.

Grand Total: 126 creatures vanquished

Notes
Turn   | Place    | Note
-------+----------+-------------------------------------------
     0 | D:1      | Impeuri the Demonspawn Artificer began the quest for the
                  | Orb.
     0 | D:1      | Reached XP level 1. HP: 15/15 MP: 3/3
    83 | D:1      | Reached skill level 1 in Short Blades
   236 | D:1      | Gained mutation: You are partially covered in sharp spines.
                  | [demonic ancestry]
   236 | D:1      | Reached XP level 2. HP: 13/21 MP: 4/4
   647 | D:1      | Reached skill level 1 in Armour
  1014 | D:2      | Gained mutation: You have a pair of small horns on your
                  | head. [demonic ancestry]
  1014 | D:2      | Reached XP level 3. HP: 26/26 MP: 5/5
  1220 | D:2      | Found an ancient bone altar of Kikubaaqudgha.
  1238 | D:2      | Found a faded altar of an unknown god.
  1252 | D:2      | Became a worshipper of Kikubaaqudgha
  1363 | D:2      | Noticed a scorpion
  1375 | D:2      | Killed a scorpion
  1375 | D:2      | Reached XP level 4. HP: 13/33 MP: 6/6
  2209 | D:2      | Found a sparkling altar of Nemelex Xobeh.
  2684 | D:3      | Gained mutation: You have a pair of horns on your head.
                  | [demonic ancestry]
  2684 | D:3      | Reached XP level 5. HP: 39/39 MP: 7/7
  3399 | D:4      | Reached skill level 4 in Evocations
  3497 | D:4      | Got a bloodstained robe
  3498 | D:4      | Identified the +1 robe "Itixelam" {rF+ Stlth+} (You found
                  | it on level 4 of the Dungeon)
  3797 | D:4      | Reached skill level 1 in Necromancy
  3797 | D:4      | Gained mutation: You are partially covered in slimy green
                  | scales. (AC +2) [demonic ancestry]
  3797 | D:4      | Reached XP level 6. HP: 26/46 MP: 9/9
  3957 | D:4      | Reached skill level 1 in Spellcasting
  4059 | D:4      | Reached * piety under Kikubaaqudgha
  4059 | D:4      | Identified Kikubaaqudgha's Compendium of Unholy Rites
                  | (Kikubaaqudgha gifted it to you on level 4 of the Dungeon)
  4059 | D:4      | Received a gift from Kikubaaqudgha
  4065 | D:4      | Learned a level 1 spell: Animate Skeleton
  4069 | D:4      | Learned a level 3 spell: Vampiric Draining
  4281 | D:4      | Noticed Eustachio
  4299 | D:4      | Killed Eustachio
  4299 | D:4      | Gained mutation: A weak demonic guardian rushes to your
                  | aid. [demonic ancestry]
  4299 | D:4      | Reached XP level 7. HP: 25/52 MP: 10/10
  4498 | D:4      | Got a smoking hunting sling
  4636 | D:5      | Entered Level 5 of the Dungeon
  5493 | D:5      | Found Hame's Jewellery Emporium.
  5516 | D:5      | Reached skill level 1 in Long Blades
  5841 | D:6      | Noticed Duvessa
  5841 | D:6      | Noticed Dowan
  5852 | D:6      | Killed Dowan
  5852 | D:6      | Reached skill level 5 in Evocations
  5872 | D:6      | Gained mutation: A demonic guardian rushes to your aid.
                  | [demonic ancestry]
  5872 | D:6      | Reached XP level 8. HP: 60/60 MP: 11/11
  5881 | D:6      | Killed Duvessa
  5884 | D:6      | Reached ** piety under Kikubaaqudgha
  6074 | D:6      | Identified the +5 hunting sling of Uncomfortable Rashes
                  | {freeze, MR++} (You found it on level 4 of the Dungeon)
  6365 | D:6      | Slain by an orc warrior

Illustrated notes

Levels and vault maps discovered:
D:1:      dpeg_arrival_fog, layout_basic
D:2:      layout_basic, nicolae_overflow_crystal_walls,
          chequers_ecumenical_altar_simple_redux, nemelex_altar_shiori
D:3:      layout_basic, first_ration
D:4:      layout_loops_ring, uniq_eustachio
D:5:      layout_cave_pods, serial_shops, nicolae_shop_stone
D:6:      minmay_recursive_quarters, layout_rooms, kennysheep_mini_moat,
          sword_in_stone, uniq_duvessa, uniq_edmund

Skill      XL: |  1  2  3  4  5  6  7  8 |
---------------+-------------------------+-----
Short Blades   | 1 2 3 |  3.2
Armour         | 1 2 3 4 |  4.1
Fighting       | 2 3 4 |  4.8
Evocations     | 4 5 |  5.6
Necromancy     | 1 2 3 4 |  4.1
Spellcasting   | 1 2 3 |  3.4
Long Blades    | 1 2 |  2.6
Dodging        | |  1.7
Stealth        | |  0.8

Action                   |  1- 3 |  4- 6 |  7- 9 || total
-------------------------+-------+-------+-------++-------
Melee: Short sword       |    99 |    75 |    20 ||   194
       Hand axe          |    13 |    57 |       ||    70
       Headbutt          |       |    18 |    23 ||    41
       Falchion          |       |       |   111 ||   111
 Cast: Animate Skeleton  |       |     1 |     5 ||     6
Evoke: Wand              |     1 |     1 |     2 ||     4
  Use: Scroll            |     1 |     5 |     2 ||     8
       Potion            |       |       |     5 ||     5
 Stab: Sleeping          |     1 |     3 |     1 ||     5
  Eat: Chunk             |     1 |     6 |     7 ||    14
       Ration            |       |     1 |       ||     1
Armor: Leather armour    |    24 |    10 |    50 ||    84
       Ring mail         |       |    15 |       ||    15
       Robe              |       |    29 |       ||    29
       Skin              |       |       |    23 ||    23
Dodge: Dodged            |    84 |    67 |    75 ||   226
       Rpst.: Falchion   |       |       |    26 ||    26
